 Dungeon Crawl Stone Soup version 0.24.0-37-gcf1ca852f1 (webtiles) character file.

Game seed: 5903941034987733675, levelgen mode: deterministic

179 Kobolds4U the Sneak (level 5, -15/28 HPs)
             Began as a Deep Elf Conjurer on Dec 7, 2019.
             Demolished by an ogre
             ... wielding a +0 giant club
              (24 damage)
             ... on level 3 of the Dungeon.
             The game lasted 00:08:42 (2908 turns).

Kobolds4U the Sneak (Deep Elf Conjurer)             Turns: 2908, Time: 00:08:42

Health: -15/28     AC:  3    Str:  5    XL:     5   Next: 32%
Magic:  3/11       EV: 13    Int: 21    God:
Gold:   137        SH:  0    Dex: 15    Spells: 1/10 levels left

rFire    + . .     SeeInvis .   o - +2 dagger (venom)
rCold    x . .     Gourm    .   (no shield)
rNeg     . . .     Faith    .   a - +0 robe
rPois    .         Spirit   .   l - +0 helmet
rElec    .         Reflect  .   (no cloak)
rCorr    .         Harm     .   (no gloves)
MR       .....                  (no boots)
Stlth    ++++......             (no amulet)
HPRegen  0.09/turn              h - ring of fire
MPRegen  0.12/turn              (no ring)

@: very slightly contaminated
A: no striking features
a: no special abilities


You were on level 3 of the Dungeon.
You were not hungry.

You visited 1 branch of the dungeon, and saw 4 of its levels.

You collected 137 gold pieces.

Inventory:

Hand Weapons
 o - a +2 dagger of venom (weapon)
Armour
 a - a +0 robe (worn)
 l - a +0 helmet (worn)
Jewellery
 h - a ring of fire (left hand)
 k - an uncursed ring of flight {unknown}
Wands
 m - a wand of digging (8)
 r - a wand of flame (12)
Scrolls
 b - a scroll of immolation {unknown}
 d - a scroll of identify {unknown}
 i - a scroll of amnesia {unknown}
 j - 2 scrolls of noise {unknown}
 p - 2 scrolls of enchant weapon {unknown}
 u - a scroll of remove curse {unknown}
Potions
 e - a potion of invisibility {unknown}
 f - a potion of brilliance {unknown}
 g - 3 potions of lignification {unknown}
 q - a potion of heal wounds {unknown}
 s - a potion of curing {unknown}
 t - 2 potions of might {unknown}
Comestibles
 c - 8 rations


   Skills:
 - Level 2.4 Dodging
 + Level 7.3 Stealth
 - Level 3.0 Spellcasting
 - Level 4.3 Conjurations


You had one spell level left.
You knew the following spells:

 Your Spells              Type           Power        Failure   Level  Hunger
a - Magic Dart            Conj           ###.         2%          1    None
b - Searing Ray           Conj           ###...       3%          2    ##.....
c - Dazzling Spray        Conj/Hex       ##....       16%         3    ###....
d - Spider Form           Tmut/Pois      #.........   36%         3    ###....

Your spell library contained the following spells:

 Spells                   Type           Power        Failure   Level  Hunger
 Beastly Appendage        Tmut           #.....       13%         1    None
 Sticks to Snakes         Tmut           #.......     21%         2    ##.....
 Iskenderun's Mystic Bla  Conj           ###.....     22%         4    ####...
 Force Lance              Conj/Tloc      ##......     47%         4    ####...
 Fulminant Prism          Conj/Hex       ##........   47%         4    ####...
 Ice Form                 Ice/Tmut       #.......     78%         4    ####...
 Blade Hands              Tmut           #.........   98%         5    ######.


Dungeon Overview and Level Annotations

Branches:
Dungeon (4/15)
 Temple: D:4-7

Altars:
Qazlal
Ru
Wu Jian

Annotations:
D:3 1 runed translucent door, happy's ghost, amateur VSAs


Message History

Waves of light ripple over your body. The ogre barely misses you.
Casting: Spider Form (slightly dangerous; 36% risk of failure)
Confirm with . or Enter, or press ? or * to list all spells.
Okay, then.
Casting: Spider Form (slightly dangerous; 36% risk of failure)
Confirm with . or Enter, or press ? or * to list all spells.
Aiming: Dazzling Spray (safe; 16% risk of failure)
Press: ? - help, Shift-Dir - straight line, f - ogre
Aim: an ogre, wielding a +0 giant club (lightly wounded)
The spray of energy hits the ogre.
The ogre is moderately wounded.
The ogre is dazzled.
You hit the ogre.
The ogre is poisoned.
The ogre is heavily wounded.
The ogre barely misses you.
You barely miss the ogre.
The ogre is heavily wounded.
The ogre hits you with a +0 giant club!!
Ouch! That really hurt!
You die...

#.# #.##.#.#.#.#.##.
#.################.#..#...#.#.##.
#.#..............#.#.#....#.#.##.
#.#.############............#.###
....#.......####...#.#..#...#....
#.#..>......................#....
...).............................
..#.#.##....##.#O...........#....
#.#.#...........@..#.###....#....
#.#.######...#.#...#........#....
...).........#.#...######...#....
#.#.######.#.#.#...# #...##...
..#'### #.#.#.#...# #...##...
##....# #.#.#.#...######...#####
.'....# #.#.#.#.................
##....# #.#.#.#..######....####.
#....#####.#...#...........######


You could see an ogre (blind).

Vanquished Creatures
  An orc wizard (D:4)
  An orc priest (D:3)
  Ijyb (D:3)
  An adder (D:2)
  3 gnolls (D:3)
  An ooze (D:2)
  3 leopard geckos
  4 orcs (D:3)
  3 giant cockroaches
  3 hobgoblins
  10 bats
  5 frilled lizards
  3 goblins
  3 kobolds
  8 rats
50 creatures vanquished.

Notes
Turn   | Place    | Note
-------+----------+-------------------------------------------
     0 | D:1      | Kobolds4U the Deep Elf Conjurer began the quest for the
                  | Orb.
     0 | D:1      | Reached XP level 1. HP: 10/10 MP: 6/6
   125 | D:1      | Reached skill level 3 in Stealth
   223 | D:1      | Reached XP level 2. HP: 15/15 MP: 6/8
   289 | D:1      | Learned a level 2 spell: Searing Ray
   496 | D:1      | Reached skill level 4 in Stealth
   651 | D:2      | Found a sacrificial altar of Ru.
   714 | D:2      | Reached XP level 3. HP: 19/19 MP: 7/9
   719 | D:2      | Learned a level 3 spell: Dazzling Spray
   996 | D:2      | Found an ornate altar of the Wu Jian Council.
  1469 | D:3      | Reached skill level 5 in Stealth
  1984 | D:3      | Reached XP level 4. HP: 24/24 MP: 6/10
  2106 | D:3      | Noticed Ijyb
  2110 | D:3      | Reached skill level 6 in Stealth
  2123 | D:3      | Killed Ijyb
  2138 | D:3      | Learned a level 3 spell: Spider Form
  2269 | D:3      | Found a runed translucent door.
  2271 | D:3      | Noticed happy's ghost (amateur VSAs)
  2676 | D:3      | Reached XP level 5. HP: 28/28 MP: 4/11
  2680 | D:3      | Reached skill level 7 in Stealth
  2851 | D:4      | Found a stormy altar of Qazlal.
  2856 | D:4      | Noticed an ogre
  2908 | D:3      | Demolished by an ogre

Levels and vault maps discovered:
D:1:      dpeg_arrival_short_road, layout_rooms
D:2:      layout_basic, old_standard_altar, lemuel_altar_in_water2
D:3:      layout_basic, ebering_ghost_sewer_d, grunt_ministairs_3, uniq_ijyb
D:4:      layout_loops_ring, nicolae_overflow_crystal_walls, first_ration,
          patterned_corridor

Skill      XL: |  1  2  3  4  5 |
---------------+----------------+-----
Stealth        | 3 4 5 6 7 |  7.3
Dodging        | |  2.4
Spellcasting   | |  3.0
Conjurations   | |  4.3

Action                   |  1- 3 |  4- 6 || total
-------------------------+-------+-------++-------
Melee: Unarmed           |     1 |       ||     1
       Dagger            |     6 |    15 ||    21
 Cast: Magic Dart        |    54 |    19 ||    73
       Dazzling Spray    |       |     4 ||     4
       Searing Ray       |       |     2 ||     2
 Stab: Sleeping          |     4 |     1 ||     5
  Eat: Chunk             |     3 |     3 ||     6
Armor: Robe              |     1 |     7 ||     8
Dodge: Dodged            |     7 |    17 ||    24
